 Dungeon Crawl Stone Soup version 0.29.1-1-gd02db6906a (webtiles) character file.

Game seed: 9326423624789362786

4454 xian the Thaumaturge (level 10, -4/65 HPs)
             Began as a Demonspawn Air Elementalist on Sept 30, 2022.
             Was a Follower of Vehumet.
             Slain by an orc warlord
             ... wielding a +3 battleaxe
              (18 damage)
             ... in a bailey.
             The game lasted 00:24:52 (8498 turns).

xian the Thaumaturge (Demonspawn Air Elementalist)  Turns: 8498, Time: 00:24:53

Health: -4/65      AC: 12    Str:  9    XL:     10   Next: 15%
Magic:  18/31      EV: 14    Int: 20    God:    Vehumet [*.....]
Gold:   264        SH:  0    Dex: 21    Spells: 19/25 levels left

rFire   + . .      SeeInvis .   c - +0 short sword
rCold   . . .      Faith    .   (no shield)
rNeg    . . .      Spirit   .   B - +2 robe {rF+}
rPois   .          Reflect  .   (helmet restricted)
rElec   .          Harm     .   (no cloak)
rCorr   .          Rampage  .   y - +2 pair of gloves {Dex+3}
Will    .....                   G - +0 pair of boots
Stlth   +++++.....              (no amulet)
HPRegen 0.20/turn               a - ring of magical power
MPRegen 0.44/turn               A - +4 ring of protection

@: no status effects
A: antennae 2, thin skeletal structure 2, foul stench 2, magic regeneration
a: Renounce Religion


You were in a bailey.
You worshipped Vehumet.
Vehumet was aware of your devotion.
You visited 2 branches of the dungeon, and saw 9 of its levels.
You also visited: Bailey.

You collected 473 gold pieces.
You spent 209 gold pieces at shops.

Inventory:

Hand Weapons
 c - a +0 short sword (weapon)
Armour
 y - a +2 pair of gloves of dexterity (worn)
 B - a +2 robe of fire resistance (worn)
 G - a +0 pair of boots (worn)
Jewellery
 a - a ring of magical power (left hand)
 q - a ring of protection from fire
 A - a +4 ring of protection (right hand)
 C - a ring of fire
 J - a +6 ring of dexterity
Wands
 v - a wand of digging (4)
 E - a wand of paralysis (14)
 F - a wand of polymorph (14)
 K - a wand of iceblast (8)
Scrolls
 d - 7 scrolls of teleportation {unknown}
 e - 2 scrolls of poison {unknown}
 i - 2 scrolls of immolation {unknown}
 j - a scroll of acquirement {unknown}
 n - 4 scrolls of fear
 o - 2 scrolls of magic mapping
 r - 4 scrolls of blinking
 s - 4 scrolls of butterflies
 t - 2 scrolls of silence
 u - 2 scrolls of vulnerability {unknown}
 H - a scroll of enchant armour
 I - a scroll of amnesia
 L - a scroll of summoning {unknown}
Potions
 b - 3 potions of magic
 f - 3 potions of degeneration
 g - 3 potions of flight {unknown}
 h - a potion of cancellation
 k - 5 potions of curing
 l - 2 potions of might
 m - 3 potions of berserk rage {unknown}
 p - 2 potions of haste
 w - 2 potions of heal wounds {unknown}
 x - 3 potions of mutation {unknown}
 z - 2 potions of brilliance {unknown}
 D - 2 potions of invisibility {unknown}


   Skills:
 + Level 1.2 Fighting
 + Level 2.4 Short Blades
 + Level 3.9 Dodging
 + Level 3.1 Stealth
 + Level 8.0 Spellcasting
 + Level 7.2 Conjurations
 + Level 7.8 Air Magic


You had 19 spell levels left.
You knew the following spells:

 Your Spells              Type           Power      Damage    Failure   Level
a - Shock                 Conj/Air       100%       1d9       1%          1
b - Static Discharge      Conj/Air       38%        3-8/arc   1%          2
c - Swiftness             Air            39%        N/A       1%          3

Your spell library contained the following spells:

 Spells                   Type           Power      Damage    Failure   Level
 Magic Dart               Conj           100%       1d8       1%          1
 Airstrike                Air            19%        2d(3-19)  3%          4
 Gell's Gravitas          Tloc           8%         N/A       26%         3
 Lesser Beckoning         Tloc           8%         N/A       26%         3
 Teleport Other           Tloc           8%         N/A       26%         3


Dungeon Overview and Level Annotations

Branches:
Dungeon (8/15)             Temple (1/1) D:6            Lair (0/5) D:8
 Bailey (1/1)

Altars:
Cheibriados
Gozag
Hepliaklqana
Kikubaaqudgha
Makhleb
Nemelex Xobeh
Qazlal
Ru
Sif Muna
Trog
Uskayaw
Vehumet
Wu Jian
Xom
Yredelemnul

Shops:
D:4 *   D:7 *

Annotations:
D:1 2 runed translucent doors


Innate Abilities, Weirdness & Mutations

You have a pair of antennae on your head.
You have a moderately thin skeletal structure. (Dex +4, Stealth++)
You sometimes emit foul miasma when damaged in melee.
You regenerate magic rapidly.


Message History

The lightning grounds out.
The orc warlord is engulfed in dark miasma.
The orc warlord is poisoned.
The orc warlord seems to slow down.
The orc warlord closely misses you.
Casting: Static Discharge (safe; 1% risk of failure)
Confirm with . or Enter, or press ? or * to list all spells.
The orc warlord is struck by an arc of lightning.
The orc warlord is moderately wounded.
You are struck by an arc of lightning.
The orc warlord is struck by an arc of lightning.
The orc warlord is moderately wounded.
You are struck by an arc of lightning.
The orc warlord is struck by an arc of lightning!
The orc warlord is moderately wounded.
The lightning grounds out.
Casting: Static Discharge (safe; 1% risk of failure)
Confirm with . or Enter, or press ? or * to list all spells.
The orc warlord is struck by an arc of lightning!
The orc warlord is heavily wounded.
You are struck by an arc of lightning.
The orc warlord is struck by an arc of lightning.
The orc warlord is heavily wounded.
You are struck by an arc of lightning.
The lightning grounds out.
The orc warlord is engulfed in dark miasma.
The orc warlord looks even sicker.
The orc warlord closely misses you.
Casting: Static Discharge (safe; 1% risk of failure)
Confirm with . or Enter, or press ? or * to list all spells.
The orc warlord is struck by an arc of lightning.
The orc warlord is severely wounded.
You are struck by an arc of lightning.
* * * LOW HITPOINT WARNING * * *
The orc warlord is struck by an arc of lightning!
The orc warlord is severely wounded.
You are struck by an arc of lightning.
* * * LOW HITPOINT WARNING * * *
The lightning grounds out.
The orc warlord is engulfed in dark miasma.
The orc warlord looks even sicker.
The orc warlord hits you with a +3 battleaxe!!
You die...

#.........#{.....{#.)...)...#
#.........## .). ##...).)...##
#.....⌠.....###)###.....⌠))...#
##.........##88)88##)...)....##
#.........#.......#.........#
##.......##.......##.......##
#.......)))...)...'.......#
##.....##)...)o...##.....##
#######.....@.....#######
##.........## #.........#
##.......## #.......# ##..∩..##
#######


You could see an orc warlord (very poisoned, slow).

Vanquished Creatures
  Pikel (D:5)
  Grinder (D:5)
  Prince Ribbit (D:5)
  Sigmund (D:2)
  Eustachio (D:4)
  A steam dragon (D:8)
  Menkaure (D:6)
  Duvessa (D:6)
  7 orc warriors (Bailey)
  A sky beast (D:6)
  A black bear (D:7)
  An ice beast (D:7)
  2 centaurs (D:7)
  3 lemures (D:5)
  4 phantoms
  Blork the orc (D:6)
  3 bullfrogs
  3 necrophages
  5 scorpions
  Dowan (D:6)
  2 howler monkeys (D:7)
  3 hounds
  7 iguanas
  2 orc wizards
  Robin (D:4)
  7 gnolls
  7 adders
  2 shadow imps
  3 white imps
  3 ufetubi
  A worm (D:3)
  4 dart slugs
  37 orcs
  7 ball pythons
  4 bats
  6 endoplasms
  4 giant cockroaches
  25 goblins
  20 hobgoblins
  12 kobolds
  3 quokkas
  6 frilled lizards
  2 rats
208 creatures vanquished.

Notes
Turn   | Place    | Note
-------+----------+-------------------------------------------
     0 | D:1      | xian the Demonspawn Air Elementalist began the quest for
                  | the Orb.
     0 | D:1      | Reached XP level 1. HP: 13/13 MP: 3/3
    82 | D:1      | Found a large runed translucent door.
    82 | D:1      | Found a large runed translucent door.
   221 | D:1      | Gained mutation: You have a somewhat thin skeletal
                  | structure. (Dex +2, Stealth+) [demonic ancestry]
   221 | D:1      | Reached XP level 2. HP: 17/19 MP: 1/5
   224 | D:1      | Learned a level 2 spell: Static Discharge
  1011 | D:1      | Gained mutation: You regenerate magic rapidly. [demonic
                  | ancestry]
  1011 | D:1      | Reached XP level 3. HP: 24/24 MP: 0/6
  1015 | D:1      | Learned a level 3 spell: Swiftness
  1497 | D:2      | Noticed Sigmund
  1532 | D:1      | Reached skill level 1 in Short Blades
  1849 | D:2      | Killed Sigmund
  1850 | D:2      | Reached skill level 3 in Spellcasting
  1850 | D:2      | Gained mutation: You may rarely emit foul miasma when
                  | damaged in melee. [demonic ancestry]
  1850 | D:2      | Reached XP level 4. HP: 4/31 MP: 1/8
  1850 | D:2      | Gained mutation: You have a moderately thin skeletal
                  | structure. (Dex +4, Stealth++) [demonic ancestry]
  1850 | D:2      | Reached XP level 5. HP: 4/36 MP: 1/9
  3008 | D:3      | Reached XP level 6. HP: 42/42 MP: 10/10
  3618 | D:4      | Noticed Eustachio
  3635 | D:4      | Killed Eustachio
  3851 | D:4      | Gained mutation: You sometimes emit foul miasma when
                  | damaged in melee. [demonic ancestry]
  3851 | D:4      | Reached XP level 7. HP: 47/47 MP: 12/12
  3932 | D:4      | Found Jusuloiq's General Store.
  4033 | D:4      | Reached skill level 4 in Spellcasting
  4236 | D:4      | Bought a +1 pair of gloves of dexterity for 165 gold pieces
  4236 | D:4      | Bought a scroll of identify for 20 gold pieces
  4293 | D:4      | Noticed Robin
  4307 | D:4      | Killed Robin
  4614 | D:5      | Entered Level 5 of the Dungeon
  4682 | D:5      | Found a hazy altar of Hepliaklqana.
  4705 | D:5      | Reached skill level 5 in Air Magic
  4748 | D:5      | Reached skill level 1 in Fighting
  4809 | D:5      | Gained mutation: You have a pair of small antennae on your
                  | head. [demonic ancestry]
  4809 | D:5      | Reached XP level 8. HP: 46/54 MP: 11/15
  4919 | D:5      | Noticed Grinder
  4926 | D:5      | Killed Grinder
  4927 | D:5      | Reached skill level 5 in Spellcasting
  5013 | D:5      | Noticed Pikel
  5021 | D:5      | Paralysed by Pikel for 5 turns
  5026 | D:5      | Killed Pikel
  5027 | D:5      | Reached skill level 5 in Conjurations
  5276 | D:5      | Noticed Prince Ribbit
  5279 | D:5      | Killed Prince Ribbit
  5280 | D:5      | Reached skill level 6 in Spellcasting
  5283 | D:5      | Gained mutation: You have a pair of antennae on your head.
                  | [demonic ancestry]
  5283 | D:5      | Reached XP level 9. HP: 28/59 MP: 17/18
  5723 | D:6      | Noticed Blork the orc
  5742 | D:6      | Killed Blork the orc
  6098 | D:6      | Found a staircase to the Ecumenical Temple.
  6140 | D:6      | Noticed Dowan
  6142 | D:6      | Noticed Duvessa
  6145 | D:6      | Killed Dowan
  6151 | D:6      | Killed Duvessa
  6253 | D:6      | Noticed Menkaure
  6257 | D:6      | Found a hide-covered altar of Uskayaw.
  6259 | D:6      | Killed Menkaure
  6607 | Temple   | Entered the Ecumenical Temple
  6657 | Temple   | Became a worshipper of Vehumet
  6986 | D:7      | Reached skill level 7 in Spellcasting
  7088 | D:7      | Found Kipoas's Assorted Antiques.
  7096 | D:7      | Bought a scroll labelled QUYJITHIHI for 24 gold pieces
  7665 | D:8      | Found a flagged portal.
  7713 | Bailey   | Entered a bailey
  7778 | Bailey   | Reached * piety under Vehumet
  7778 | Bailey   | Offered knowledge of Magic Dart by Vehumet.
  7921 | Bailey   | Reached XP level 10. HP: 61/65 MP: 21/21
  8311 | Bailey   | Reached skill level 8 in Spellcasting
  8476 | Bailey   | Noticed an orc warlord
  8498 | Bailey   | Slain by an orc warlord

Illustrated notes

Levels and vault maps discovered:
D:1:      erik_arrival_cave_to_civilisation [erik_arrival_cave_to_temple],
          layout_basic
D:2:      layout_rooms, nicolae_concentric_dashed_squares_mild,
          grunt_decor_junction, uniq_sigmund
D:3:      layout_loops_ring
D:4:      minmay_evil_eye, layout_cave_pools, serial_shops, shop, uniq_robin,
          uniq_eustachio
D:5:      layout_basic, lemuel_doored_altar, uniq_pikel, uniq_grinder,
          uniq_prince_ribbit1
D:6:      layout_rooms, lemuel_tele_altar, minmay_temple_entry_statues,
          uniq_blork_the_orc, uniq_menkaure, uniq_duvessa
D:7:      layout_gridville, serial_shops, shop, st_stairs_13
D:8:      layout_layer_cave, lair_entry_dummy, enter_bailey_2,
          gammafunk_ghost_icy, lightli_corner_chamber
Temple:   nicolae_temple_bog_church
Bailey:   bailey_axe_minmay_hex_keep, bailey

Skill      XL: |  1  2  3  4  5  6  7  8  9 10 |
---------------+-------------------------------+-----
Dodging        | 2 3 |  3.9
Air Magic      | 3 4 5 6 7 |  7.8
Short Blades   | 1 2 |  2.4
Stealth        | 2 3 |  3.1
Spellcasting   | 3 4 6 7 8 |  8.0
Conjurations   | 2 3 4 5 7 |  7.2
Fighting       | 1 |  1.2

Action                   |  1- 3 |  4- 6 |  7- 9 | 10-12 || total
-------------------------+-------+-------+-------+-------++-------
Melee: Short sword       |    16 |    10 |    34 |       ||    60
       Punch             |       |       |     1 |       ||     1
 Cast: Shock             |    62 |    99 |   233 |    41 ||   435
       Static Discharge  |     5 |     8 |    62 |    14 ||    89
  Use: Potion            |     3 |       |       |       ||     3
       Scroll            |       |     5 |     6 |       ||    11
Armor: Robe              |       |     4 |    39 |     1 ||    44
Dodge: Dodged            |    25 |    18 |    69 |     7 ||   119
